 Dungeon Crawl Stone Soup version 0.22-a0-512-g0943f25 (webtiles) character file.

2214641 PegasusDuck the Tengu Catastrophe (level 27, 137/179 HPs)
             Began as a Tengu Fighter on June 17, 2018.
             Was an Elder of Qazlal.
             Escaped with the Orb
             ... and 4 runes on June 18, 2018!
             The game lasted 04:00:53 (81699 turns).

PegasusDuck the Tengu Catastrophe (Tengu Fighter)  Turns: 81699, Time: 04:00:53

Health: 137/179    AC: 35    Str: 28    XL:     27
Magic:  37/37      EV: 27    Int: 10    God:    Qazlal [****..]
Gold:   2751       SH: 26    Dex: 19    Spells: 26/26 levels left

rFire    + + .     SeeInvis +   a - +9 eveningstar (protect)
rCold    . . .     Gourm    .   v - +4 shield {AC+3}
rNeg     + + +     Faith    .   m - +6 plate armour "Iwerir" {rF+}
rPois    +         Spirit   .   (helmet restricted)
rElec    +         Reflect  .   p - +0 cloak "Eclojail" {rN+ SInv Stlth+}
rCorr    .         Harm     .   Q - +0 pair of gloves of Zuuluiro {Regen+}
MR       ++...                  (boots unavailable)
Stlth    ..........             s - amulet "Zokhore" {Acrobat rElec rN+ Str+3}
HPRegen  0.79/turn              e - ring "Wijos" {rN+ Str+4}
MPRegen  0.25/turn              W - ring of Menginaimn {rF+ AC+4}

@: flying quickly and evasively, repel missiles, quick
A: beak, claws 1, talons 3, blink, low mp 1, mutation resistance 1, poison
resistance, screaming 2, weak 1, wild magic 1, able to fly 2
0: Orb of Zot
}: 4/15 runes: decaying, slimy, silver, gossamer
a: Stop Flying, Blink, Upheaval, Elemental Force, Renounce Religion


You escaped.
You worshipped Qazlal.
Qazlal was greatly pleased with you.
You were very full.

You visited 13 branches of the dungeon, and saw 59 of its levels.
You visited the Abyss 2 times.
You also visited: Ice Cave and Wizlab.

You collected 7723 gold pieces.
You spent 4972 gold pieces at shops.

Inventory:

Hand Weapons
 a - a +9 eveningstar of protection (weapon)
 b - a +9 morningstar of flaming
 i - a +6 eveningstar of freezing
Armour
 h - the +7 plate armour "Gizeqi Wont" {+Fly rPois MR++ Stlth+}
   (You found it on level 3 of the Elven Halls)

   It protects you from poison.
   It affects your resistance to hostile enchantments.
   It lets you fly.
   It makes you more stealthy.
 m - the +6 plate armour "Iwerir" (worn) {rF+}
   (You took it off a vault guard on level 2 of the Vaults)

   It protects you from fire.
 p - the +0 cloak "Eclojail" (worn) {rN+ SInv Stlth+}
   (You acquired it on level 5 of the Depths)

   It protects you from negative energy.
   It lets you see invisible.
   It makes you more stealthy.
 v - a +4 shield of protection (worn)
 H - +3 gold dragon scales
 Q - the +0 pair of gloves of Zuuluiro (worn) {Regen+}
   (You found it on level 5 of the Depths)

   It increases your rate of regeneration.
 U - the +2 robe of Vines {NoPotionHeal Regen+7}
   (You bought it in a shop on level 2 of the Elven Halls)

   It increases your rate of regeneration.
 V - a +2 large shield
Jewellery
 e - the ring "Wijos" (left hand) {rN+ Str+4}
   (You took it off a deep elf annihilator on level 3 of the Elven Halls)

   [ring of positive energy]

   It affects your strength (+4).
   It protects you from negative energy.
 s - the amulet "Zokhore" (around neck) {Acrobat rElec rN+ Str+3}
   (You acquired it on level 5 of the Depths)

   [amulet of the acrobat]

   It helps you evade while moving and waiting.
   It affects your strength (+3).
   It insulates you from electricity.
   It protects you from negative energy.
 B - the brooch of Shielding {Reflect SH+8}
   (You found it on level 5 of the Vaults)

   [amulet of reflection]

   It shields you and reflects attacks.
   It affects your SH (+8).
 F - an uncursed ring of protection from magic
 G - an uncursed ring of positive energy
 S - an uncursed ring of magical power
 W - the ring of Menginaimn (right hand) {rF+ AC+4}
   (You bought it in a shop on level 4 of the Vaults)

   [ring of protection]

   It affects your AC (+4).
   It protects you from fire.
 X - the amulet of Zodetu Reno {Gourm rC++ Stlth+}
   (You bought it in a shop on level 3 of the Depths)

   [amulet of the gourmand]

   It allows you to eat raw meat even when not hungry.
   It greatly protects you from cold.
   It makes you more stealthy.
Wands
 d - a wand of digging (10)
 g - a wand of acid (7)
 j - a wand of scattershot (2)
 w - a wand of flame (158)
 C - a wand of iceblast (44)
 R - a wand of enslavement (18)
 Y - a wand of paralysis (29)
Scrolls
 k - 11 scrolls of amnesia
 r - 5 scrolls of magic mapping
 u - 31 scrolls of remove curse
 x - 18 scrolls of teleportation
 y - 2 scrolls of blinking
 I - a scroll of summoning
 M - 12 scrolls of identify
 O - 8 scrolls of vulnerability
 P - 4 scrolls of fog
 Z - 11 scrolls of fear
Potions
 l - 10 potions of mutation
 n - 13 potions of brilliance
 z - 8 potions of lignification
 A - 16 potions of curing
 D - a potion of might
 E - 7 potions of resistance
 J - 2 potions of magic
 K - 7 potions of ambrosia
 L - 2 potions of cancellation
Miscellaneous
 c - a phial of floods
 N - a lamp of fire
Comestibles
 f - 68 rations


   Skills:
 + Level 20.1 Fighting
 - Level 15.0 Maces & Flails
 - Level 20.0 Armour
 - Level 20.0 Dodging
 - Level 20.0 Shields
 O Level 27 Invocations
 - Level 15.0 Evocations


You had 26 spell levels left.
You didn't know any spells.
Your spell library contained the following spells:

 Spells                   Type           Power        Failure   Level  Hunger
 Magic Dart               Conj           #...         90%         1    ##.....
 Fireball                 Conj/Fire      #.........   100%        5    ######.
 Apportation              Tloc           #.....       90%         1    ##.....
 Conjure Flame            Conj/Fire      #.......     99%         3    ####...
 Bolt of Fire             Conj/Fire      #.........   100%        6    #######
 Lightning Bolt           Conj/Air       #.........   100%        5    ######.
 Bolt of Magma            Conj/Fire/Erth #.........   100%        5    ######.
 Slow                     Hex            #.......     97%         2    ###....
 Confuse                  Hex            #.......     99%         3    ####...
 Invisibility             Hex            #.......     100%        6    #######
 Throw Frost              Conj/Ice       #.....       97%         2    ###....
 Controlled Blink         Tloc           N/A          100%        8    #######
 Freezing Cloud           Conj/Ice/Air   #.........   100%        6    #######
 Mephitic Cloud           Conj/Pois/Air  #.......     99%         3    ####...
 Ring of Flames           Chrm/Fire      #.........   100%        7    #######
 Venom Bolt               Conj/Pois      #.........   100%        5    ######.
 Olgreb's Toxic Radiance  Pois           #.......     100%        4    #####..
 Teleport Other           Tloc           #.......     99%         3    ####...
 Summon Small Mammal      Summ           #...         90%         1    ##.....
 Lehudib's Crystal Spear  Conj/Erth      #.........   100%        8    #######
 Fire Storm               Conj/Fire      #.........   100%        9    #######
 Blink                    Tloc           N/A          97%         2    ###....
 Animate Dead             Necr           N/A          100%        4    #####..
 Pain                     Necr           #...         90%         1    ##.....
 Animate Skeleton         Necr           N/A          90%         1    ##.....
 Vampiric Draining        Necr           #.........   99%         3    ####...
 Borgnjor's Revivificati  Necr           #.........   100%        8    #######
 Freeze                   Ice            #...         90%         1    ##.....
 Summon Ice Beast         Ice/Summ       #.......     100%        4    #####..
 Ozocubu's Armour         Chrm/Ice       #.......     99%         3    ####...
 Call Imp                 Summ           #.......     97%         2    ###....
 Poison Arrow             Conj/Pois      #.........   100%        6    #######
 Regeneration             Chrm/Necr      #.........   99%         3    ####...
 Sting                    Conj/Pois      #...         90%         1    ##.....
 Sublimation of Blood     Necr           #.........   97%         2    ###....
 Tukima's Dance           Hex            #.......     99%         3    ####...
 Corpse Rot               Necr           N/A          97%         2    ###....
 Iron Shot                Conj/Erth      #.........   100%        6    #######
 Stone Arrow              Conj/Erth      #.....       99%         3    ####...
 Recall                   Summ/Tloc      N/A          99%         3    ####...
 Spider Form              Tmut/Pois      #.........   99%         3    ####...
 Blade Hands              Tmut           #.........   100%        5    ######.
 Statue Form              Tmut/Erth      #........    100%        6    #######
 Ice Form                 Ice/Tmut       #.......     100%        4    #####..
 Dragon Form              Tmut           #.........   100%        7    #######
 Death Channel            Necr           #.........   100%        6    #######
 Deflect Missiles         Chrm/Air       #.........   100%        6    #######
 Throw Icicle             Conj/Ice       #.......     100%        4    #####..
 Glaciate                 Conj/Ice       #.........   100%        9    #######
 Shadow Creatures         Summ           N/A          100%        6    #######
 Confusing Touch          Hex            #.....       90%         1    ##.....
 Passwall                 Tmut/Erth      #.......     97%         2    ###....
 Ignite Poison            Fire/Tmut/Pois #.......     99%         3    ####...
 Sticks to Snakes         Tmut           #.......     97%         2    ###....
 Call Canine Familiar     Summ           #.......     99%         3    ####...
 Ensorcelled Hibernation  Hex/Ice        #.....       97%         2    ###....
 Metabolic Englaciation   Hex/Ice        #.........   100%        5    ######.
 Summon Butterflies       Summ           #.......     90%         1    ##.....
 Silence                  Hex/Air        #.........   100%        5    ######.
 Shatter                  Erth           #.........   100%        9    #######
 Dispersal                Tloc           #.........   100%        6    #######
 Static Discharge         Conj/Air       #.......     99%         3    ####...
 Corona                   Hex            #......      90%         1    ##.....
 Alistair's Intoxication  Tmut/Pois      #.......     100%        5    ######.
 Lee's Rapid Deconstruct  Erth           #.........   100%        5    ######.
 Sandblast                Erth           #.....       90%         1    ##.....
 Simulacrum               Ice/Necr       #.........   100%        6    #######
 Conjure Ball Lightning   Conj/Air       #.........   100%        6    #######
 Chain Lightning          Conj/Air       #.........   100%        8    #######
 Excruciating Wounds      Chrm/Necr      #.........   100%        5    ######.
 Portal Projectile        Hex/Tloc       #.....       99%         3    ####...
 Petrify                  Tmut/Erth      #.......     100%        4    #####..
 Orb of Destruction       Conj           #.........   100%        7    #######
 Tornado                  Air            #.........   100%        9    #######
 Leda's Liquefaction      Hex/Erth       #.........   100%        4    #####..
 Summon Hydra             Summ           #.........   100%        7    #######
 Darkness                 Hex            #.........   100%        6    #######
 Shroud of Golubria       Chrm/Tloc      #.........   97%         2    ###....
 Beastly Appendage        Tmut           #.....       90%         1    ##.....
 Disjunction              Tloc           #.........   100%        8    #######
 Iskenderun's Battlesphe  Conj/Chrm      #.......     100%        5    ######.
 Dazzling Spray           Conj/Hex       #.....       99%         3    ####...
 Force Lance              Conj/Tloc      #.......     100%        4    #####..
 Infusion                 Chrm           #...         90%         1    ##.....
 Song of Slaying          Chrm           #.......     97%         2    ###....
 Spectral Weapon          Hex/Chrm       #.......     99%         3    ####...
 Summon Forest            Summ/Tloc      #.........   100%        5    ######.
 Summon Lightning Spire   Summ/Air       #.......     100%        4    #####..
 Spellforged Servitor     Conj/Summ      #.........   100%        7    #######
 Summon Mana Viper        Hex/Summ       #.......     100%        5    ######.
 Hydra Form               Tmut           #.........   100%        6    #######
 Irradiate                Conj/Tmut      #.........   100%        5    ######.
 Gell's Gravitas          Tloc           #.........   99%         3    ####...
 Yara's Violent Unravell  Hex/Tmut       #.........   100%        5    ######.
 Lesser Beckoning         Tloc           #.........   99%         3    ####...
 Poisonous Vapours        Pois/Air       #.....       97%         2    ###....
 Ignition                 Fire           #.........   100%        8    #######
 Borgnjor's Vile Clutch   Necr/Erth      #.........   100%        5    ######.


Dungeon Overview and Level Annotations

Branches:
Dungeon (15/15)            Temple (1/1) D:4            Lair (6/6) D:8
  Swamp (4/4) Lair:3       Spider (4/4) Lair:4        Slime (5/5) Lair:6
    Orc (2/2) D:12            Elf (3/3) Orc:2        Vaults (5/5) D:13
  Crypt (3/3) Vaults:3       Tomb (0/3) Crypt:3      Depths (5/5) D:15
   Hell (1/1)                 Dis (0/7) Hell            Geh (0/7) Hell
    Coc (0/7) Hell            Tar (0/7) Hell            Zot (5/5) Depths:5

Altars:
Dithmenos
Elyvilon
Fedhas
Hepliaklqana
Kikubaaqudgha
Makhleb
Qazlal
Ru
Trog
Uskayaw
Yredelemnul
Zin
The Shining One
Beogh
Jiyva

Shops:
D:5 ?(}   D:13 (   Orc:2 !}:(*   Elf:2 [   Swamp:3 *   Vaults:4 =   Depths:1 [
Depths:3 =}=*   Depths:4 =

Portals:
Hell: Lair:6 Depths:1 Depths:2 Depths:3 Depths:4 Depths:5
Abyss: Depths:3 Depths:4
Pandemonium: Depths:3
Ziggurat: Depths:5

Annotations:
Swamp:4 exclusion: Roxanne, Roxanne
Slime:5 Royal Jelly
Depths:3 exclusion: downstairs
Zot:3 2 transporters, PegasusDuck's ghost, legendary TeFi


Innate Abilities, Weirdness & Mutations

You have a beak for a mouth.
You have claws for feet.
You can fly continuously.
You have sharp fingernails.
You can translocate small distances at will.
Your magical capacity is low. (-10% MP)
You are somewhat resistant to further mutation.
Your system is resistant to poisons. (rPois)
You sometimes yell uncontrollably at your foes.
You are weak. (Str -2)
Your spells are a little harder to cast, but a little more powerful.


Message History

You block the Tzitzimitl's attack.
The Tzitzimitl bites you but does no damage.
You hit the Tzitzimitl. Your kick misses the Tzitzimitl.
You peck the Tzitzimitl.
The Tzitzimitl is almost dead.
The Tzitzimitl is engulfed in freezing vapours.
The Tzitzimitl completely misses you. You block the Tzitzimitl's attack.
You impale the Tzitzimitl!!
You kill the Tzitzimitl!
Qazlal accepts your kill.
You found a teleport trap!
Evoke which item? (* to show all) (? for menu, Esc to quit)
Aiming: Dig
Press: ? - help, Shift-Dir - straight line The rock shatters into small pieces.
You yell at the Orb Guardian!
An Orb Guardian comes into view.
You yell at the Orb Guardian!
There is a staircase leading out of the dungeon here.
You have escaped!

####....# ..##....#
..##....#####################
..##....#...................#####
..'.....'.#################....>#
..##....#####.###.#.#.###.#####.#
...+....'.##..#.§###..#....# #.#
..##....#.#........##.....## #.#
..##....#.###.§§@.§..#.....## #.#
..#######.# ##...X§...#.....# #.#
..# #.# ###...........####.#
..#######.## #.##..........##.#
.......##..## ##.##........###.#
........#...# ##.#####......#.#
........#...### ##.## ##.#...#.#
#.......#.....######.## ####..#.#
#......)#.####..##..#.######..#.#


You could see an Orb Guardian.

Vanquished Creatures
  4 orbs of fire
  10 ancient liches
  4 juggernauts (Depths:3)
  Boris (Vaults:4)
  Xtahua (Vaults:3)
  3 Killer Klowns (Zot:5)
  Saint Roka (Depths:2)
  2 curse toes
  11 golden dragons
  Geryon (Hell)
  Nikola (Elf:2)
  Arachne (Spider:1)
  5 liches
  7 electric golems
  A Tzitzimitl (D:1)
  12 tentacled monstrosities
  An Ice Fiend (D:9)
  28 Orb Guardians
  2 deep elf blademasters (Elf:3)
  5 titans
  4 quicksilver dragons
  2 deep elf master archers (Elf:3)
  21 acid blobs
  Kirke (Swamp:2)
  A thorn hunter (Swamp:1)
  An ancient champion (Crypt:2)
  12 shadow dragons
  3 sphinxes
  Donald (Swamp:2)
  9 death cobs
  8 draconian monks
  6 tengu reavers
  19 azure jellies
  13 storm dragons
  8 fire giants
  5 revenants
  9 frost giants
  5 draconian scorchers
  Louise (Elf:1)
  9 ghost moths
  3 deep elf sorcerers
  An iron dragon (Depths:1)
  5 emperor scorpions
  The ghost of xccam the Peltast, a journeyman MfGl of Gozag (D:12)
  A balrug (Hell)
  4 curse skulls
  11 deep elf elementalists
  17 vault wardens
  10 draconian knights
  5 draconian shifters
  2 war gargoyles
  2 ghouls (Crypt:1)
  5 draconian annihilators
  9 draconian stormcallers
  10 reapers
  3 spriggan defenders
  4 entropy weavers
  17 ironheart preservers
  The ghost of Eptagon the Blocker, a journeyman DDFi of Makhleb (Lair:5)
  17 stone giants
  29 very ugly things
  19 green draconians
  6 vampire knights
  16 red draconians
  12 yellow draconians
  10 purple draconians
  8 black draconians
  7 deep elf demonologists
  Azrael (Elf:2)
  19 white draconians
  10 deep elf annihilators
  11 spark wasps
  12 deep elf death magi
  12 eidola
  A green death (Depths:5)
  A quicksilver dragon zombie (Crypt:3)
  Snorg (Orc:2)
  The ghost of vineage the Basher, a journeyman DsBe of Trog (Lair:5)
  4 blizzard demons
  9 fire dragons
  19 ettins
  3 deep elf high priests
  10 great orbs of eyes
  5 jiangshi
  A mummy priest (Crypt:3)
  15 death oozes
  32 vault guards
  16 yaktaur captains
  4 rakshasas
  A quicksilver dragon skeleton (Crypt:3)
  22 hydras
  A hell beast (Depths:1)
  11 ice dragons
  2 ghost crabs
  3 spriggan air magi
  3 death knights
  A catoblepas (D:15)
  4 centaur warriors
  Erica (Lair:2)
  A death yak (shapeshifter) (Vaults:5)
  52 two-headed ogres
  6 death yaks (Lair:5)
  7 deep troll shamans
  A queen ant (Spider:2)
  An alligator (shapeshifter) (Vaults:5)
  18 ogre magi
  8 tengu warriors
  A titan zombie (Hell)
  13 alligators
  8 small abominations
  8 vampire magi
  Urug (D:10)
  24 dancing weapons
  7 deep troll earth magi
  17 hell hogs
  10 soul eaters
  3 orc high priests (Orc:2)
  4 thrashing horrors (Abyss:5)
  23 deep elf knights
  2 shadow wraiths
  A storm dragon zombie (Depths:4)
  Sonja (D:10)
  11 sun demons
  3 iron trolls
  3 wretched stars (Abyss:5)
  A fire crab (shapeshifter) (Vaults:2)
  19 skeletal warriors
  2 storm dragon skeletons
  A sea snake (shapeshifter) (Depths:1)
  A golden dragon zombie (Crypt:3)
  10 hell knights
  13 swamp dragons
  A titan skeleton (Crypt:3)
  8 wizards
  5 flayed ghosts
  7 glowing orange brains
  2 anaconda zombies (Crypt:3)
  18 unseen horrors
  A shambling mangrove (Swamp:2)
  An orange crystal statue (D:13)
  19 deep trolls
  6 spriggan druids
  2 glowing orange brains (shapeshifter)
  2 starcursed masses (Abyss:5)
  18 deep elf archers
  17 ironbrand convokers
  A golden dragon skeleton (Depths:4)
  An obsidian statue (D:13)
  An anaconda skeleton (Hell)
  16 orc knights
  4 harpies (Vaults:4)
  71 deep elf magi
  11 phantasmal warriors
  A lindwurm (shapeshifter) (Vaults:2)
  A mana viper (shapeshifter) (Vaults:5)
  18 necromancers
  5 frost giant zombies
  21 orb spiders
  A stone giant zombie (Hell)
  A shadow dragon skeleton (Crypt:3)
  8 cyclopes
  4 manticores
  6 orc sorcerers
  40 ugly things
  7 shining eyes
  2 sphinx skeletons
  3 fire giant zombies
  31 wolf spiders
  5 black mambas
  4 ice statues
  18 moths of wrath
  2 centaur zombies
  5 elephants
  3 smoke demons
  A black mamba (shapeshifter) (D:15)
  9 rust devils
  A gargoyle (D:14)
  8 vault sentinels
  2 orange demons
  A shock serpent zombie (Hell)
  6 centaur skeletons
  A guardian serpent (shapeshifter) (Vaults:3)
  20 spiny frogs
  2 dire elephant skeletons (Hell)
  A torpor snail (Spider:3)
  An eye of devastation (Slime:3)
  A torpor snail (shapeshifter) (Vaults:5)
  A pale draconian zombie (Crypt:1)
  15 freezing wraiths
  2 hellions (Hell)
  31 yaktaurs
  15 komodo dragons
  2 yaktaurs (shapeshifter)
  4 kobold demonologists
  5 rime drakes
  An efreet (Abyss:5)
  12 hellwings (Crypt:3)
  19 demonic crawlers
  A harpy zombie (Crypt:3)
  8 red devils
  2 tormentors
  21 jumping spiders
  4 ice devils
  2 ancient zymes (Abyss:5)
  A wind drake (shapeshifter) (Vaults:4)
  4 tengu conjurers
  A polar bear (Lair:6)
  6 trolls
  6 hydra zombies
  A jumping spider (shapeshifter) (Vaults:1)
  7 tyrant leeches
  29 hornets
  A tyrant leech (shapeshifter) (Vaults:1)
  2 wind drakes (WizLab)
  Prince Ribbit (D:8)
  4 raiju (Abyss:5)
  9 bog bodies
  A death drake zombie (Crypt:2)
  A hydra skeleton (Hell)
  A hippogriff (shapeshifter) (Vaults:5)
  130 slime creatures
  A slime creature (shapeshifter) (Vaults:3)
  2 fire dragon zombies (Crypt:3)
  10 hippogriffs
  2 ettin zombies
  2 stone giant simulacra (Hell)
  5 blink frogs (Lair:3)
  4 meliai zombies
  An alligator skeleton (Crypt:3)
  45 redbacks
  12 large abominations
  6 spriggans
  An ettin skeleton (Crypt:3)
  A fire dragon skeleton (Crypt:3)
  6 shadows
  8 water elementals
  5 air elementals
  26 tarantellas
  A yak (shapeshifter) (Depths:1)
  A guardian serpent skeleton (Crypt:1)
  2 ushabtiu (Crypt:3)
  7 wraiths
  2 wyverns
  A dire elephant simulacrum (Crypt:2)
  A human (shapeshifter) (Vaults:4)
  47 yaks
  19 humans
  16 fire elementals
  4 hogs
  5 golden eyes
  A basilisk (Lair:5)
  3 chaos spawn
  Eustachio (D:5)
  35 vampire mosquitoes
  4 hungry ghosts
  Menkaure (D:7)
  3 acid dragons
  2 wargs
  A gelid demonspawn zombie (Crypt:2)
  A two-headed ogre zombie (D:12)
  12 water moccasins
  9 insubstantial wisps
  An acid dragon (shapeshifter) (Depths:5)
  17 hell hounds
  9 soldier ants
  17 swamp worms
  A floating eye (shapeshifter) (Vaults:4)
  3 porcupines
  2 spiny frog zombies
  2 floating eyes
  A gelid demonspawn skeleton (Crypt:3)
  13 swamp drakes
  32 orc warriors
  2 black bears
  10 eyes of draining
  An eye of draining (shapeshifter) (Vaults:2)
  16 ice beasts
  5 phantoms
  A spiny frog skeleton (Hell)
  4 sky beasts
  An ettin simulacrum (Hell)
  51 ogres
  9 centaurs
  A necrophage (D:14)
  13 boggarts
  7 wolves
  13 crocodiles
  2 big kobolds (D:15)
  4 earth elementals
  A big kobold (shapeshifter) (Vaults:2)
  12 bullfrogs
  A wyvern zombie (D:13)
  A spiny frog simulacrum (Hell)
  7 wyvern skeletons (Crypt:3)
  A polar bear zombie (Crypt:1)
  A troll zombie (D:12)
  6 scorpions
  A hornet simulacrum (D:14)
  11 wights
  6 killer bees (D:12)
  A swamp dragon simulacrum (Hell)
  3 howler monkeys
  A yak skeleton (Crypt:2)
  2 electric eels
  8 crimson imps
  2 bullfrog zombies
  6 hounds
  2 quasits
  18 orc priests
  3 bullfrog skeletons
  A demonspawn zombie (Crypt:2)
  A gnoll shaman (D:8)
  2 iron imps
  21 jellies
  5 iguanas
  34 worker ants
  19 orc wizards
  6 hell rats
  A naga zombie (Crypt:3)
  A tengu zombie (Crypt:2)
  6 ogre zombies (D:12)
  A mummy (Crypt:3)
  A howler monkey zombie (D:11)
  2 worker ant zombies
  3 gnolls (D:8)
  A howler monkey skeleton (D:8)
  11 adders
  4 shadow imps
  A lava snake skeleton (Crypt:1)
  A halfling skeleton (Crypt:1)
  9 worms
  A barachi zombie (Crypt:2)
  7 dart slugs
  4 leopard geckos
  71 orcs
  2 ball pythons (D:1)
  5 bats
  A bat zombie (Crypt:1)
  7 giant cockroaches
  6 goblins
  7 hobgoblins
  9 jackals
  13 kobolds
  3 quokkas
  8 frilled lizards
  A giant cockroach zombie (D:6)
  A goblin zombie (D:12)
  A hobgoblin skeleton (D:12)
  4 hobgoblin zombies (D:12)
  A kobold zombie (Crypt:2)
  A leopard gecko skeleton (D:5)
  A leopard gecko zombie (D:5)
  4 orc skeletons (D:12)
  15 orc zombies (D:12)
  9 rats
  2 briar patches (Swamp:1)
  A butterfly (Spider:1)
  3 crawling corpses (Elf:3)
  2 lurking horrors (Abyss:5)
  2 withered plants (Crypt:3)
2764 creatures vanquished.

Vanquished Creatures (collateral kills)
  the Royal Jelly (Slime:5)
  A quicksilver dragon (Vaults:5)
  An acid blob (Slime:5)
  A sphinx (Vaults:5)
  A draconian knight (Zot:1)
  A draconian shifter (Zot:5)
  A black draconian (Zot:1)
  A spark wasp (Depths:4)
  A death ooze (Slime:5)
  An ice dragon (Depths:4)
  A centaur (Depths:4)
11 creatures vanquished.

Vanquished Creatures (others)
  A titan (Vaults:5)
  A tengu reaver (Vaults:5)
  A fire giant (Vaults:3)
  2 frost giants (Vaults:5)
  A vault warden (Vaults:4)
  4 stone giants
  2 centaur warriors
  An ogre mage (Vaults:5)
  2 deep elf knights
  A deep troll (Depths:3)
  3 deep elf archers
  2 cyclopes
  A deep elf mage (Elf:1)
  13 yaktaurs
  A tyrant leech (Swamp:4)
  3 hornets
  2 spriggans
  3 humans (Swamp:2)
  A vampire mosquito (Swamp:4)
  A hell hound (Elf:2)
  An orc warrior (Depths:2)
  2 centaurs (Vaults:1)
  A swamp dragon skeleton (Crypt:3)
  A crimson imp (Hell)
  A jelly (D:14)
  2 orcs
  7 fungi
  40 plants
  6 withered plants (Crypt:3)
107 creatures vanquished.

Grand Total: 2882 creatures vanquished

Notes
Turn   | Place    | Note
-------+----------+-------------------------------------------
     0 | D:1      | PegasusDuck the Tengu Fighter began the quest for the Orb.
     0 | D:1      | Reached XP level 1. HP: 14/14 MP: 2/2
   340 | D:1      | Reached XP level 2. HP: 19/19 MP: 3/3
   472 | D:1      | Reached XP level 3. HP: 18/23 MP: 4/4
  1522 | D:2      | Reached XP level 4. HP: 26/28 MP: 5/5
  1615 | D:2      | Reached skill level 5 in Maces & Flails
  1630 | D:2      | Gained mutation: You are occasionally teleported next to monsters. [potion of mutation]
  1630 | D:2      | Gained mutation: You have a pair of small antennae on your head. [potion of mutation]
  1631 | D:2      | Lost mutation: You have a pair of small antennae on your head. [potion of mutation]
  1631 | D:2      | Lost mutation: You are occasionally teleported next to monsters. [potion of mutation]
  1631 | D:2      | Gained mutation: Your flesh is cold resistant. (rC+) [potion of mutation]
  1631 | D:2      | Gained mutation: You have sharp fingernails. [potion of mutation]
  1631 | D:2      | Gained mutation: You expend magic power (3 MP) to strengthen your wands. [potion of mutation]
  1957 | D:3      | Gained mutation: You can fly. [Tengu growth]
  1957 | D:3      | Reached XP level 5. HP: 32/32 MP: 6/6
  2149 | D:3      | Found a bloodstained altar of Trog.
  2229 | D:3      | You fall through a shaft for 3 floors!
  2287 | D:6      | Noticed a centaur
  2294 | D:6      | Killed a centaur
  2294 | D:6      | Reached XP level 6. HP: 27/37 MP: 7/7
  2484 | D:6      | Noticed Prince Ribbit
  2526 | D:5      | Entered Level 5 of the Dungeon
  2914 | D:5      | Found Voduw's Gadget Shop.
  3048 | D:5      | Noticed a phantom
  3079 | D:5      | Killed a phantom
  3079 | D:5      | Reached skill level 5 in Armour
  3079 | D:5      | Reached XP level 7. HP: 36/41 MP: 8/8
  3470 | D:3      | Found a blossoming altar of Fedhas.
  3642 | D:4      | Found a staircase to the Ecumenical Temple.
  4213 | D:5      | Found Imiaf's Magic Scroll Boutique.
  4216 | D:5      | Bought a scroll of enchant weapon for 97 gold pieces
  4289 | D:5      | Found Qeinang's Weapon Shop.
  4298 | Temple   | Entered the Ecumenical Temple
  4303 | Temple   | Became a worshipper of Qazlal Stormbringer
  4439 | D:5      | Reached XP level 8. HP: 46/46 MP: 9/9
  4468 | D:5      | Noticed Eustachio
  4481 | D:5      | Killed Eustachio
  4481 | D:5      | Reached skill level 1 in Invocations
  4862 | D:6      | Reached skill level 2 in Invocations
  5064 | D:7      | Noticed Menkaure
  5070 | D:7      | Killed Menkaure
  5177 | D:7      | Reached skill level 1 in Evocations
  5890 | D:8      | Killed Prince Ribbit
  5890 | D:8      | Reached XP level 9. HP: 51/51 MP: 8/12
  6052 | D:8      | Reached skill level 3 in Invocations
  6142 | D:8      | Found a staircase to the Lair.
  6181 | D:8      | Noticed a two-headed ogre
  6187 | D:8      | Killed a two-headed ogre
  6241 | D:8      | Reached skill level 4 in Invocations
  6790 | D:9      | Reached skill level 5 in Fighting
  6837 | D:9      | Reached * piety under Qazlal
  6874 | D:8      | Reached skill level 5 in Shields
  6874 | D:8      | Reached XP level 10. HP: 24/59 MP: 14/14
  7064 | D:9      | Reached skill level 5 in Invocations
  7291 | D:9      | Noticed a manticore
  7302 | D:9      | Killed a manticore
  7762 | Lair:1   | Entered Level 1 of the Lair of Beasts
  7762 | Lair:1   | Noticed a black mamba
  7770 | Lair:1   | Killed a black mamba
  7770 | Lair:1   | Reached skill level 6 in Invocations
  8300 | Lair:1   | Reached XP level 11. HP: 67/67 MP: 15/17
  8341 | Lair:1   | Reached skill level 5 in Dodging
  9025 | Lair:2   | Reached skill level 7 in Invocations
  9129 | Lair:2   | Noticed Erica
  9137 | Lair:2   | Killed Erica
  9439 | Lair:2   | Reached ** piety under Qazlal
 10298 | Lair:3   | Found a frozen archway.
 10307 | IceCv    | Entered an ice cave
 10332 | IceCv    | Reached skill level 8 in Invocations
 10364 | IceCv    | Noticed a white ugly thing
 10382 | IceCv    | Killed a white ugly thing
 10707 | IceCv    | Reached skill level 10 in Maces & Flails
 10739 | IceCv    | Noticed a white ugly thing
 10745 | IceCv    | Reached XP level 12. HP: 55/76 MP: 19/19
 10859 | IceCv    | Got encrusted ice dragon scales
 10870 | IceCv    | Identified the +4 ice dragon scales "Exkir" {rF- rC++ rN+ Int+4 Slay+4} (You found it in an ice cave)
 11010 | Lair:3   | Found a staircase to the Swamp.
 11116 | Lair:3   | Got a heavily runed turquoise ring
 11118 | Lair:3   | Identified the ring "Unwuiwo" {Ice Dex+5} (You found it on level 3 of the Lair of Beasts)
 11496 | Lair:3   | Reached skill level 9 in Invocations
 11916 | Lair:4   | Reached skill level 10 in Fighting
 11948 | Lair:4   | Found a hole to the Spider Nest.
 11962 | Lair:4   | Reached *** piety under Qazlal
 12007 | Lair:4   | Noticed a four-headed hydra
 12012 | Lair:4   | Killed a four-headed hydra
 12251 | Lair:4   | Noticed a six-headed hydra
 12258 | Lair:4   | Killed a six-headed hydra
 12258 | Lair:4   | Reached XP level 13. HP: 62/83 MP: 6/21
 12773 | Lair:5   | Reached skill level 10 in Invocations
 13322 | Lair:5   | Noticed Eptagon's ghost (journeyman DDFi)
 13499 | Lair:5   | Killed Eptagon's ghost
 13601 | Lair:5   | Noticed vineage's ghost (journeyman DsBe)
 13710 | D:10     | Entered Level 10 of the Dungeon
 13871 | D:10     | Noticed Sonja
 13883 | D:10     | Killed Sonja
 14128 | D:10     | Noticed Urug
 14138 | D:10     | Killed Urug
 14796 | D:11     | Reached **** piety under Qazlal
 14805 | D:11     | Found a sacrificial altar of Ru.
 14977 | D:11     | Found a bloodstained altar of Trog.
 15030 | D:11     | Found a glowing silver altar of Zin.
 15041 | D:11     | Reached skill level 11 in Invocations
 15697 | D:12     | Gained mutation: You can fly continuously. [Tengu growth]
 15697 | D:12     | Reached XP level 14. HP: 85/92 MP: 0/23
 15731 | D:12     | Reached ***** piety under Qazlal
 15788 | D:12     | Noticed xccam's ghost (journeyman MfGl)
 16557 | D:12     | Killed xccam's ghost
 16778 | D:12     | Found a staircase to the Orcish Mines.
 17069 | Orc:1    | Entered Level 1 of the Orcish Mines
 17336 | Orc:2    | Entered Level 2 of the Orcish Mines
 17405 | Orc:2    | Found a staircase to the Elven Halls.
 17431 | Orc:2    | Noticed Snorg
 17623 | Orc:2    | Killed Snorg
 17750 | Orc:2    | Found Modghu's General Store.
 17758 | Orc:2    | Bought a scroll of teleportation for 42 gold pieces
 17758 | Orc:2    | Bought a potion of heal wounds for 70 gold pieces
 17784 | Orc:2    | Found a roughly hewn altar of Beogh.
 18661 | Orc:2    | Paralysed by an orc sorcerer for 5 turns
 18844 | Orc:2    | Found Inylutayt's Antique Weapon Boutique.
 18844 | Orc:2    | Found Jiuch's Distillery.
 18846 | Orc:2    | Found Haggefac's Book Boutique.
 18846 | Orc:2    | Found Jabbo's Gadget Shoppe.
 18857 | Orc:2    | Bought a potion of resistance for 140 gold pieces
 18857 | Orc:2    | Bought a potion of heal wounds for 70 gold pieces
 18857 | Orc:2    | Bought a potion of resistance for 140 gold pieces
 19092 | D:13     | Reached skill level 12 in Invocations
 19401 | D:13     | Found Taray's Weapon Boutique.
 19552 | D:13     | Reached XP level 15. HP: 91/99 MP: 25/25
 19608 | D:13     | Found a gate to the Vaults.
 21176 | D:15     | Entered Level 15 of the Dungeon
 21184 | D:15     | Reached skill level 10 in Armour
 21210 | D:15     | Gained mutation: Scrolls take you a little longer to read. [a neqoxec]
 21215 | D:14     | Lost mutation: Scrolls take you a little longer to read. [potion of mutation]
 21215 | D:14     | Lost mutation: Your flesh is cold resistant. (rC+) [potion of mutation]
 21215 | D:14     | Lost mutation: You expend magic power (3 MP) to strengthen your wands. [potion of mutation]
 21215 | D:14     | Gained mutation: Your spells are a little harder to cast, but a little more powerful. [potion of mutation]
 21215 | D:14     | Gained mutation: Your system is resistant to poisons. (rPois) [potion of mutation]
 21215 | D:14     | Gained mutation: You are weak. (Str -2) [potion of mutation]
 21215 | D:14     | Gained mutation: You can translocate small distances at will. [potion of mutation]
 21401 | D:15     | Reached skill level 15 in Maces & Flails
 21518 | D:15     | Reached skill level 13 in Invocations
 21546 | D:15     | Found a staircase to the Depths.
 21979 | D:15     | Reached XP level 16. HP: 90/106 MP: 26/26
 22528 | Swamp:1  | Entered Level 1 of the Swamp
 22570 | Swamp:1  | Noticed a thorn hunter
 22715 | Swamp:1  | Killed a thorn hunter
 23344 | Swamp:1  | Upgraded the game from 0.22-a0-482-g76e0a5f to 0.22-a0-512-g0943f25
 23385 | Swamp:2  | Noticed Donald
 23425 | Swamp:2  | Killed Donald
 24138 | Swamp:2  | Noticed Kirke
 24149 | Swamp:2  | Killed Kirke
 24149 | Swamp:2  | Reached skill level 15 in Fighting
 24925 | Swamp:3  | Reached skill level 14 in Invocations
 25075 | Swamp:3  | Found Vaymaesm's Island Escapes.
 25095 | Swamp:3  | Bought a scroll of teleportation for 48 gold pieces
 25095 | Swamp:3  | Bought a scroll of teleportation for 48 gold pieces
 25095 | Swamp:3  | Bought a scroll of blinking for 120 gold pieces
 25095 | Swamp:3  | Bought a scroll of fog for 32 gold pieces
 25095 | Swamp:3  | Bought a scroll of fog for 32 gold pieces
 25722 | Swamp:4  | Entered Level 4 of the Swamp
 25733 | Swamp:3  | Reached skill level 10 in Shields
 25870 | Swamp:4  | Noticed Roxanne
 25881 | Swamp:4  | Reached XP level 17. HP: 49/113 MP: 9/28
 27371 | Swamp:4  | Reached skill level 15 in Invocations
 27526 | Swamp:4  | Got a decaying rune of Zot
 27918 | Spider:1 | Entered Level 1 of the Spider Nest
 29572 | Spider:2 | Noticed Arachne
 29604 | Spider:1 | Killed Arachne
 30617 | Spider:3 | Reached XP level 18. HP: 116/119 MP: 0/30
 31061 | Spider:4 | Entered Level 4 of the Spider Nest
 31071 | Spider:4 | Reached skill level 16 in Invocations
 33873 | Spider:4 | Reached skill level 17 in Invocations
 34080 | Spider:4 | Got a gossamer rune of Zot
 34593 | D:15     | Identified the +1 scale mail "Icerat" {Str+5 Int+3} (You found it on level 15 of the Dungeon)
 34680 | Vaults:1 | Entered Level 1 of the Vaults
 36026 | Vaults:1 | Reached XP level 19. HP: 111/124 MP: 32/32
 36351 | Vaults:1 | Reached skill level 10 in Dodging
 36701 | Vaults:1 | Reached skill level 18 in Invocations
 37282 | Vaults:2 | Reached skill level 19 in Invocations
 38346 | Vaults:3 | Reached XP level 20. HP: 122/129 MP: 29/34
 38607 | Vaults:3 | Reached skill level 20 in Invocations
 38687 | Vaults:3 | Noticed Xtahua
 38702 | Vaults:3 | Paralysed by Xtahua for 3 turns
 38708 | Vaults:3 | Killed Xtahua
 39430 | Vaults:3 | Found a staircase to the Crypt.
 40435 | Vaults:4 | Reached skill level 21 in Invocations
 40955 | Vaults:4 | Reached ****** piety under Qazlal
 41103 | Vaults:4 | Reached XP level 21. HP: 128/134 MP: 36/36
 41629 | Vaults:4 | Paralysed by a great orb of eyes for 2 turns
 41824 | Vaults:4 | Found Bofi's Jewellery Shoppe.
 41924 | Vaults:4 | Bought the ring of Menginaimn {rF+ AC+4} for 1050 gold pieces
 42487 | Elf:1    | Entered Level 1 of the Elven Halls
 42755 | Elf:1    | Noticed Louise
 42768 | Elf:1    | Killed Louise
 43363 | Elf:2    | Reached skill level 15 in Armour
 43481 | Elf:2    | Noticed Nikola
 43499 | Elf:2    | Killed Nikola
 43546 | Elf:2    | Identified a scroll of acquirement
 43624 | Elf:2    | Found Idikhlass's Armour Boutique.
 43922 | Elf:2    | Found a runed gate.
 43922 | Elf:2    | Found a runed gate.
 43922 | Elf:2    | Found a runed gate.
 44494 | Elf:2    | Bought the +2 robe of Vines {NoPotionHeal Regen+7} for 1280 gold pieces
 44494 | Elf:2    | Found the +2 robe of Vines {NoPotionHeal Regen+7}
 44556 | Elf:2    | Noticed Azrael
 44571 | Elf:2    | Killed Azrael
 44857 | Elf:3    | Entered Level 3 of the Elven Halls
 44946 | Elf:3    | Found a magical portal.
 44994 | Elf:3    | Reached XP level 22. HP: 73/140 MP: 23/37
 45004 | Elf:3    | Reached skill level 15 in Shields
 45309 | WizLab   | Entered The Chambers of the Cloud Mage
 45439 | Elf:3    | Found an ancient bone altar of Kikubaaqudgha.
 46126 | Elf:3    | Reached skill level 15 in Dodging
 46254 | Elf:3    | Identified the ring "Wijos" {rN+ Str+4} (You took it off a deep elf annihilator on level 3 of the Elven Halls)
 46409 | Elf:3    | Identified the cursed +1 ring mail of the Clam {+Inv rF- rN+} (You found it on level 3 of the Elven Halls)
 46414 | Elf:3    | Identified the ring of the Devil's Team {AC+4 Str-3 Dex+4} (You found it on level 3 of the Elven Halls)
 46420 | Elf:3    | Identified the +7 plate armour "Gizeqi Wont" {+Fly rPois MR++ Stlth+} (You found it on level 3 of the Elven Halls)
 46423 | Elf:3    | Identified the Collected Works on Summoning
 46440 | Elf:3    | Identified the +2 scale mail of Dishonour {*Corrode rF+ Regen+ Int+9} (You found it on level 3 of the Elven Halls)
 46965 | Depths:1 | Entered Level 1 of the Depths
 47003 | Depths:1 | Found Ecwaph's Armour Shoppe.
 47088 | Depths:1 | HP: 1/141 [deep elf mage/bolt of lightning (33)]
 48368 | Depths:1 | Reached XP level 23. HP: 131/148 MP: 38/38
 48540 | Depths:1 | Identified the Grimoire of the Compass and Evil
 49134 | Depths:1 | Found a gateway to Hell.
 49268 | Depths:2 | Noticed Saint Roka
 49527 | Depths:2 | Killed Saint Roka
 51081 | Depths:3 | Found a one-way gate leading to the halls of Pandemonium.
 51196 | Depths:3 | Paralysed by a floating eye for 2 turns
 51201 | Depths:3 | Found Uguith's Jewellery Shop.
 51201 | Depths:3 | Found Visiha's Gadget Emporium.
 51202 | Depths:3 | Found Noeckudgh's Jewellery Shop.
 51391 | Vaults:2 | Identified the +6 plate armour "Iwerir" {rF+} (You took it off a vault guard on level 2 of the Vaults)
 51629 | Depths:3 | Bought the amulet of Zodetu Reno {Gourm rC++ Stlth+} for 687 gold pieces
 51639 | Depths:3 | Noticed a golden dragon
 51651 | Depths:3 | Killed a golden dragon
 51719 | Depths:3 | Noticed a golden dragon
 51732 | Depths:3 | Killed a golden dragon
 51744 | Depths:3 | Reached XP level 24. HP: 58/162 MP: 38/38
 51787 | Depths:3 | Noticed a juggernaut
 52139 | Depths:3 | Killed a juggernaut
 52281 | Depths:3 | Noticed a juggernaut
 52298 | Depths:3 | Killed a juggernaut
 52424 | Depths:3 | Identified the ring of Dogheeze {Str+3 Int+2} (You took it off a fire giant on level 3 of the Depths)
 52482 | Depths:3 | Noticed a juggernaut
 52498 | Depths:3 | Killed a juggernaut
 53243 | Depths:3 | Found a one-way gate to the infinite horrors of the Abyss.
 53381 | Depths:3 | Found Bomnuc's General Store.
 53422 | Depths:3 | Bought a scroll of teleportation for 48 gold pieces
 53422 | Depths:3 | Bought a scroll of fear for 56 gold pieces
 53422 | Depths:3 | Bought a potion of resistance for 160 gold pieces
 53428 | Depths:3 | Noticed a juggernaut
 53441 | Depths:3 | Killed a juggernaut
 53976 | Depths:4 | Found Puiwkel's Jewellery Shoppe.
 55417 | Depths:5 | Entered Level 5 of the Depths
 55994 | Depths:5 | Found a gate to the Realm of Zot.
 56443 | Depths:5 | Found a runed gate.
 56444 | Depths:5 | Found a runed gate.
 56445 | Depths:5 | Found a runed gate.
 56586 | Depths:5 | Found a gateway to a ziggurat.
 56996 | Depths:5 | Identified the +0 pair of gloves of Zuuluiro {Regen+} (You found it on level 5 of the Depths)
 57285 | Crypt:1  | Entered Level 1 of the Crypt
 57334 | Crypt:1  | Reached XP level 25. HP: 162/168 MP: 38/38
 57741 | Crypt:1  | Paralysed by something for 5 turns
 58212 | Crypt:1  | Identified the +4 hand crossbow "Rahooxt" {penet, rC+} (You found it on level 1 of the Crypt)
 59545 | Crypt:3  | Entered Level 3 of the Crypt
 60733 | Crypt:3  | Found an ancient bone altar of Kikubaaqudgha.
 60882 | Crypt:3  | Noticed an ancient lich
 60893 | Crypt:3  | Killed an ancient lich
 60904 | Crypt:3  | Identified Kikubaaqudgha's Incunabulum of Evil Arts
 61556 | Crypt:3  | Found a staircase to the Tomb.
 61995 | Vaults:5 | Entered Level 5 of the Vaults
 62062 | Vaults:5 | Reached XP level 26. HP: 167/174 MP: 38/38
 62243 | Vaults:5 | Noticed Boris
 62475 | Vaults:5 | Found the +9 heavy crossbow "Sniper" {velocity, Acc+∞ SInv}
 62840 | Vaults:5 | Reached skill level 5 in Evocations
 62861 | Vaults:4 | Killed Boris
 63433 | Vaults:5 | Found the +9 staff of Olgreb {rPois}
 63436 | Vaults:5 | Identified Sif Muna's Reference Book on Twisted Talismans
 63447 | Vaults:5 | Identified the amulet "Padampyo" {Harm *Drain rElec rN+ Str+3 Stlth+} (You found it on level 5 of the Vaults)
 63450 | Vaults:5 | Got a silver rune of Zot
 63603 | Vaults:5 | Paralysed by a sphinx for 6 turns
 63634 | Vaults:5 | Found the brooch of Shielding {Reflect SH+8}
 64167 | Hell     | Entered the Vestibule of Hell
 64167 | Hell     | Noticed Geryon
 64385 | Depths:1 | Reached skill level 22 in Invocations
 64643 | Hell     | Killed Geryon
 64874 | Hell     | Reached XP level 27. HP: 143/179 MP: 39/39
 65249 | Hell     | Found a gateway to the Iron City of Dis.
 65721 | Hell     | Found a gateway to the ashen valley of Gehenna.
 65802 | Hell     | Found a gateway to the decaying netherworld of Tartarus.
 65850 | Hell     | Found a gateway to the freezing wastes of Cocytus.
 66193 | Orc:2    | Bought a wand of digging (10) for 420 gold pieces
 66193 | Orc:2    | Bought a wand of digging (9) for 390 gold pieces
 66201 | Orc:2    | Bought a potion of curing for 42 gold pieces
 66432 | Lair:5   | Killed vineage's ghost
 66464 | Lair:6   | Entered Level 6 of the Lair of Beasts
 66466 | Lair:6   | Found a staircase to the Slime Pits.
 66807 | Lair:6   | Found a burning altar of Makhleb.
 66838 | Lair:6   | Reached skill level 10 in Evocations
 67033 | Lair:6   | Found a white marble altar of Elyvilon.
 67400 | Slime:1  | Entered Level 1 of the Pits of Slime
 69209 | Slime:4  | Found a viscous altar of Jiyva.
 69269 | Slime:5  | Entered Level 5 of the Pits of Slime
 69374 | Slime:5  | Noticed the Royal Jelly
 69589 | Slime:3  | Gained mutation: You occasionally shout uncontrollably at your foes. [a shining eye]
 69593 | Slime:3  | Gained mutation: You are somewhat resistant to further mutation. [a shining eye]
 69652 | Slime:4  | Reached skill level 23 in Invocations
 70069 | Slime:5  | Killed the Royal Jelly
 70484 | Slime:5  | Identified the amulet "Zyhoxira" {+Rage Str+4} (You found it on level 5 of the Pits of Slime)
 70486 | Slime:5  | Got a slimy rune of Zot
 70488 | Slime:5  | Identified the ring "Ecses" {Fire rN+ Str+6} (You found it on level 5 of the Pits of Slime)
 71020 | Depths:5 | Identified the +0 cloak "Eclojail" {rN+ SInv Stlth+} (You acquired it on level 5 of the Depths)
 71038 | Depths:5 | Got a wavering graven amulet
 71039 | Depths:5 | Identified the amulet "Zokhore" {Acrobat rElec rN+ Str+3} (You acquired it on level 5 of the Depths)
 71237 | Zot:1    | Entered Level 1 of the Realm of Zot
 72144 | Zot:1    | Noticed an orb of fire
 72155 | Zot:1    | Gained mutation: You sometimes yell uncontrollably at your foes. [an orb of fire]
 73473 | Zot:1    | Gained mutation: Your magical capacity is low. (-10% MP) [an orb of fire]
 73484 | Zot:1    | Killed an orb of fire
 73646 | Zot:2    | Noticed an orb of fire
 74092 | Zot:2    | Killed an orb of fire
 74301 | Zot:2    | Reached skill level 24 in Invocations
 74427 | Zot:2    | Reached skill level 15 in Evocations
 75620 | Zot:3    | Reached skill level 25 in Invocations
 76385 | Zot:3    | Found a transporter.
 76389 | Zot:3    | Noticed PegasusDuck's ghost (legendary TeFi)
 76403 | Zot:3    | Found a transporter.
 77270 | Zot:4    | Reached skill level 26 in Invocations
 78068 | Zot:5    | Entered Level 5 of the Realm of Zot
 78539 | Zot:5    | Noticed an ancient lich
 78551 | Zot:5    | Killed an ancient lich
 78614 | Zot:5    | Noticed an ancient lich
 78626 | Zot:5    | Cast into level 5 of the Abyss (an ancient lich)
 78626 | Abyss:5  | Entered Level 5 of the Abyss
 78824 | Zot:5    | Escaped the Abyss
 78841 | Zot:5    | Killed an ancient lich
 78870 | Zot:5    | Reached skill level 27 in Invocations
 78965 | Zot:5    | Noticed an ancient lich
 78972 | Zot:5    | Paralysed by an ancient lich for 7 turns
 78979 | Zot:5    | HP: 2/179 [ancient lich/bolt of lightning (11)]
 78992 | Zot:5    | Noticed an ancient lich
 79010 | Zot:5    | Killed an ancient lich
 79018 | Zot:5    | Killed an ancient lich
 79018 | Zot:5    | Noticed an ancient lich
 79243 | Zot:5    | Killed an ancient lich
 79324 | Zot:5    | Noticed an ancient lich
 79325 | Zot:5    | Noticed an ancient lich
 79336 | Zot:5    | Killed an ancient lich
 79345 | Zot:5    | Killed an ancient lich
 79559 | Zot:5    | Noticed an orb of fire
 79586 | Zot:5    | Killed an orb of fire
 79711 | Zot:5    | Noticed an ancient lich
 79727 | Zot:5    | Cast into level 5 of the Abyss (an ancient lich)
 79727 | Abyss:5  | Entered Level 5 of the Abyss
 79735 | Zot:5    | Escaped the Abyss
 79752 | Zot:5    | Killed an ancient lich
 79988 | Zot:5    | Noticed an orb of fire
 80020 | Zot:5    | Killed an orb of fire
 80102 | Zot:5    | Noticed an ancient lich
 80289 | Zot:5    | Paralysed by an ancient lich for 4 turns
 80300 | Zot:5    | Paralysed by an ancient lich for 7 turns
 80312 | Zot:5    | Killed an ancient lich
 80838 | Zot:5    | Identified the cursed +0 scale mail "Iqadaeshre" {+Fly rPois rC- SInv} (You found it on level 5 of the Realm of Zot)
 80911 | Zot:5    | Got the Orb of Zot
 80913 | Zot:5    | Noticed a seraph
 81166 | Depths:3 | Noticed a seraph
 81516 | D:6      | Noticed Tickihis the pandemonium lord
 81699 | D:$      | Escaped with the Orb!

Vault maps used:
D:1:      dpeg_arrival_arbitrary_a
D:3:      fedhas_altar_4, trog_hazing_becter
D:4:      minmay_temple_entry_from_below_a, minmay_misc_feat_rows
D:5:      serial_shops, shop, shop, shop, first_ration, uniq_eustachio
D:6:      uniq_prince_ribbit1
D:7:      uniq_menkaure
D:8:      lair_entry_dummy
D:10:     uniq_sonja, uniq_urug
D:11:     basic_altar, grunt_livestock, st_stairs_12, hangedman_feature_mirror
D:12:     zombieorc2_lemuel, serial_curves, eino_curves_01, eino_curves_02
D:13:     grunt_vaults_entry_tiered, serial_shops, nicolae_shop_crystal,
          minmay_more_statues
D:14:     minmay_splitting_lines
D:15:     hangedman_depths_entry_civil_slaughter, serial_park_paths,
          lab_entry_generic
Temple:   compressed_dpeg_triangle_lava_temple
Lair:2:   uniq_erica
Lair:3:   minmay_swamp_entry_swarm, portal_ice_cave_entry_pillars_1,
          lemuel_fruit_tree, infiniplex_staircase_pool, serial_bayou_shore_a
Lair:4:   nicolae_spider_entry_non_spiders, grunt_megastairs_4
Lair:5:   cheibrodos_lair_overgrown_chateau, hibernation_bobbens
Lair:6:   evil_forest, minmay_slime_entry_jelly_boxes, basic_altar
Swamp:1:  hangedman_swamp_blocks, swamp_pool1
Swamp:2:  evilmike_swamp_ruin_house_1, uniq_donald, uniq_kirke
Swamp:3:  hangedman_swamp_lotus, nicolae_island_escapes
Swamp:4:  swamp_alternative, swamp_pool5, uniq_roxanne
Spider:1: nicolae_spider_hall_of_the_moth_king
Spider:2: minmay_another_anthill, uniq_arachne
Spider:3: einodemon_crawler_minivault
Spider:4: guppyfry_spider_rune
Slime:3:  cheibrodos_slime_lost_civilization_6
Slime:4:  basic_altar
Orc:1:    nicolae_orc_crystal_geode
Orc:2:    grunt_orc_tribal_feast, serial_shops, shop, nicolae_orc_rockfall,
          mines2_david, uniq_snorg
Elf:1:    hangedman_elf_disciples, uniq_louise
Elf:2:    serial_shops, nicolae_shop_behind_doors, hangedman_corner_corridor,
          uniq_nikola, uniq_azrael
Elf:3:    elf_hall, mu_enter_wizlab_6, basic_altar
Vaults:1: vaults_dpeg_encased_lava, v_misc_24, ontoclasm_vaults_idyll,
          ontoclasm_vaults_misaligned, hangedman_vaults_capsules, v_misc_9,
          vaults_room_ringed_pool, grunt_vaults_hallway_long,
          nicolae_vaults_asterisk, nicolae_vaults_triangles, vaults_dpeg_hooks,
          ontoclasm_vaults_twist, grunt_vaults_hallway_long, v_misc_17,
          nicolae_vaults_border_crossing
Vaults:2: vaults_mumra_bighexcomb, vaults_room_grid, hangedman_vaults_pinch,
          vaults_room_hallway, hangedman_vaults_snaps, v_pattern_5, v_misc_3,
          nicolae_vaults_little_squares_5, vaults_mumra_hex, v_misc_11,
          nicolae_vaults_circle_grid_b
Vaults:3: v_misc_5, grunt_vaults_twisty, hangedman_vaults_corner_blocks,
          minmay_crypt_entry_simple_statues, ontoclasm_vaults_fault,
          nicolae_vaults_network_periphery, nicolae_vaults_network_quinsquares,
          ontoclasm_vaults_tryst, v_misc_2, v_misc_4, vaults_room_hallway,
          grunt_vaults_focal, vaults_room_fancy_cross,
          nicolae_vaults_little_squares_1, uniq_xtahua
Vaults:4: vaults_room_large_hall, vaults_room_stairs_pillars, v_misc_9,
          hangedman_vaults_trim, dpeg_vaults_monster_box, vaults_mumra_hexcomb,
          vaults_mumra_chevron, serial_shops, shop
Vaults:5: uniq_boris
Crypt:1:  minmay_misc_feat_pillars, nicolae_crypt_little_mausoleum,
          grunt_crypt_arrival_split
Crypt:2:  small_statue_intersection
Crypt:3:  evilmike_haunted_forest
Depths:1: hangedman_arch_fort, serial_shops, nicolae_shop_crystal,
          pf_hell_entry_tar_spiral, roderic_lattice_a, dk_noncrumbling_2,
          minmay_misc_feat_plants, hex_tiny, kennysheep_underground_church
Depths:2: kennysheep_blocky_hall, grunt_hell_horde, uniq_saint_roka
Depths:3: minmay_bloctagon_deflated, minmay_room_of_horrors, pan_entry,
          serial_shops, kennysheep_mini, hell_entry, minmay_swirly_circle,
          minmay_shop_grove, infiniplex_staircase_pillars_1,
          serial_bayou_shore_b
Depths:4: cheibrodos_birdhouse, grunt_hell_entry_dis_old, abyss_entry,
          serial_shops, shop, nicolae_wwwww, serial_sigils_hangedman_quiver
Depths:5: evilmike_zot_entry_argh, enter_ziggurat_e,
          hangedman_decor_clover_reticule, hell_entry, pandoras_box_mu
Zot:1:    grunt_ministairs_2
Zot:2:    lemuel_golem_globe
Zot:3:    gammafunk_ghost_arena
Zot:5:    st_stairs_12
Abyss:5:  hangedman_grunt_abyss_rune_horror_hoard, nicolae_abyss_rune_star_stuff
IceCv:    ice_cave_statue_garden_chambered
WizLab:   wizlab_cloud

Skill      XL: |  1  2  3  4  5  6  7  8  9 10 11 12 13 14 15 16 17 18 19 20 21 22 23 24 25 26 27 |
---------------+----------------------------------------------------------------------------------+-----
Maces & Flails | 3 4 5 7 8 9 10 11 13 14 15 | 15.0
Armour         | 5 6 7 8 10 12 15 19 20 | 20.0
Invocations    | 2 4 6 8 9 11 12 13 14 15 17 19 21 22 27 | 27.0
Evocations     | 1 4 8 15 | 15.0
Dodging        | 3 4 7 8 9 10 11 15 18 20 | 20.0
Fighting       | 5 7 9 10 12 13 14 15 16 19 20 | 20.1
Shields        | 5 6 7 10 12 14 15 20 | 20.0

Action                   |  1- 3 |  4- 6 |  7- 9 | 10-12 | 13-15 | 16-18 | 19-21 | 22-24 | 25-27 || total
-------------------------+-------+-------+-------+-------+-------+-------+-------+-------+-------++-------
Melee: Flail             |    78 |   146 |       |       |       |       |       |       |       ||   224
       Kick              |    24 |    44 |    59 |   190 |   361 |   466 |   440 |   598 |  1885 ||  4067
       Peck              |    10 |    33 |    37 |   113 |   219 |   288 |   280 |   383 |  1188 ||  2551
       Morningstar       |       |    34 |   207 |   525 |   675 |   697 |     6 |    93 |  1589 ||  3826
       Eveningstar       |       |       |       |       |   360 |   569 |  1079 |  1170 |  2045 ||  5223
Invok: Upheaval          |       |       |       |     3 |     7 |    28 |    23 |    24 |    63 ||   148
       Elemental Force   |       |       |       |       |     3 |     1 |     1 |     4 |    11 ||    20
       Disaster Area     |       |       |       |       |     4 |     4 |     3 |     3 |     3 ||    17
 Abil: Fly               |       |     1 |     3 |     1 |     2 |       |       |     2 |     2 ||    11
       Evoke Berserk Rag |       |       |     3 |       |     1 |       |       |       |       ||     4
       Blink             |       |       |       |       |       |     1 |       |       |     7 ||     8
       Stop Flying       |       |       |       |       |       |       |       |     2 |     2 ||     4
Evoke: Wand              |       |       |       |    11 |     9 |    56 |     9 |     7 |    23 ||   115
       Lamp of fire      |       |       |       |       |     1 |     6 |     4 |     4 |    10 ||    25
       Box of beasts     |       |       |       |       |       |     2 |       |       |       ||     2
       Phial of floods   |       |       |       |       |       |       |       |     3 |    12 ||    15
       Phantom mirror    |       |       |       |       |       |       |       |       |     5 ||     5
  Use: Scroll            |       |    11 |     9 |    14 |    14 |    17 |     8 |    17 |    40 ||   130
       Potion            |       |     5 |       |     1 |     6 |     9 |     5 |     3 |    31 ||    60
 Stab: Distracted        |       |       |     1 |       |     2 |     1 |       |     5 |     7 ||    16
       Confused          |       |       |       |       |       |     1 |       |       |       ||     1
       Invisible         |       |       |       |       |       |       |       |       |     6 ||     6
  Eat: Chunk             |     1 |     3 |     8 |    15 |    17 |    16 |    18 |    24 |    22 ||   124
       Ration            |       |     1 |     2 |     1 |     5 |     8 |     3 |     4 |    20 ||    44
Armor: Scale mail        |     8 |       |       |       |       |       |       |       |       ||     8
       Plate armour      |    36 |   162 |   140 |   240 |   334 |   587 |     7 |   204 |  1079 ||  2789
       Ice dragon scales |       |       |       |       |       |       |   123 |   103 |       ||   226
       Robe              |       |       |       |       |       |       |     2 |       |       ||     2
Dodge: Dodged            |     7 |    33 |    16 |   124 |   160 |   492 |   288 |   569 |  2169 ||  3858
       Deflected         |       |       |       |       |     6 |    13 |    21 |    23 |    40 ||   103
Block: Shield            |    31 |    91 |    77 |   387 |   886 |  1646 |   978 |  1055 |  3769 ||  8920
       Reflection        |       |       |       |       |    48 |    23 |   134 |    35 |       ||   240

Table legend:
 A = Spawn XP
 B = Non-spawn XP
 C = Spawn XP percentage of total XP
 D = Spawn monster count
 E = Non-spawn monster count
 F = Spawn count percentage of total count
 G = Total turns spent on level
                    A         B        C        D         E        F      G
               +---------+---------+-------+---------+---------+-------+---------
         Total |   10280 | 1918489 |   0.5 |      18 |    2747 |   0.7 | 81699
               +---------+---------+-------+---------+---------+-------+---------
           D:1 |       0 |      42 |   0.0 |       0 |      21 |   0.0 |  1188
           D:2 |       0 |     111 |   0.0 |       0 |      31 |   0.0 |   760
           D:3 |       0 |     129 |   0.0 |       0 |      25 |   0.0 |   524
           D:4 |       0 |     356 |   0.0 |       0 |      11 |   0.0 |   979
           D:5 |       0 |     659 |   0.0 |       0 |      17 |   0.0 |   722
           D:6 |       0 |     446 |   0.0 |       0 |      14 |   0.0 |   972
           D:7 |       0 |     347 |   0.0 |       0 |       5 |   0.0 |   843
           D:8 |       0 |    2035 |   0.0 |       0 |      13 |   0.0 |  1314
           D:9 |       0 |    3097 |   0.0 |       0 |      35 |   0.0 |   960
          D:10 |       0 |    4186 |   0.0 |       0 |      32 |   0.0 |  1347
          D:11 |       0 |    5277 |   0.0 |       0 |      27 |   0.0 |  1556
          D:12 |       0 |   11987 |   0.0 |       0 |      82 |   0.0 |  1010
          D:13 |       0 |   13503 |   0.0 |       0 |      42 |   0.0 |  1437
          D:14 |       0 |   15655 |   0.0 |       0 |      46 |   0.0 |  1503
          D:15 |       0 |   30776 |   0.0 |       0 |      71 |   0.0 |  2225
        Lair:1 |       0 |    2499 |   0.0 |       0 |      13 |   0.0 |  1461
        Lair:2 |       0 |    6260 |   0.0 |       0 |      26 |   0.0 |  1339
        Lair:3 |       0 |    6224 |   0.0 |       0 |      23 |   0.0 |  1312
        Lair:4 |       0 |   10961 |   0.0 |       0 |      44 |   0.0 |  1504
        Lair:5 |       0 |   15565 |   0.0 |       0 |      31 |   0.0 |  1471
        Lair:6 |       0 |   13335 |   0.0 |       0 |      55 |   0.0 |   986
       Swamp:1 |       0 |   12084 |   0.0 |       0 |      29 |   0.0 |   860
       Swamp:2 |       0 |   20936 |   0.0 |       0 |      39 |   0.0 |  1481
       Swamp:3 |       0 |   11743 |   0.0 |       0 |      36 |   0.0 |  1861
       Swamp:4 |       0 |   28236 |   0.0 |       0 |      62 |   0.0 |  1008
      Spider:1 |       0 |   19962 |   0.0 |       0 |      42 |   0.0 |  1305
      Spider:2 |       0 |   10300 |   0.0 |       0 |      46 |   0.0 |   811
      Spider:3 |       0 |   23521 |   0.0 |       0 |      53 |   0.0 |  2572
      Spider:4 |       0 |   35476 |   0.0 |       0 |      78 |   0.0 |  1349
       Slime:1 |       0 |    6066 |   0.0 |       0 |      15 |   0.0 |   111
       Slime:2 |       0 |   11821 |   0.0 |       0 |      25 |   0.0 |   349
       Slime:3 |       0 |   23927 |   0.0 |       0 |      40 |   0.0 |   464
       Slime:4 |       0 |   15161 |   0.0 |       0 |      17 |   0.0 |   498
       Slime:5 |       0 |   33960 |   0.0 |       0 |      34 |   0.0 |   431
         Orc:1 |       0 |    1412 |   0.0 |       0 |      19 |   0.0 |  1099
         Orc:2 |       0 |   12252 |   0.0 |       0 |      57 |   0.0 |  1062
         Elf:1 |       0 |   22355 |   0.0 |       0 |      34 |   0.0 |  1025
         Elf:2 |       0 |   44870 |   0.0 |       0 |      68 |   0.0 |  1780
         Elf:3 |       0 |   78912 |   0.0 |       0 |      82 |   0.0 |  1959
      Vaults:1 |       0 |   46147 |   0.0 |       0 |      74 |   0.0 |  2606
      Vaults:2 |       0 |   57101 |   0.0 |       0 |      95 |   0.0 |  1383
      Vaults:3 |       0 |   51934 |   0.0 |       0 |      80 |   0.0 |  1902
      Vaults:4 |       0 |   86170 |   0.0 |       0 |      96 |   0.0 |  2680
      Vaults:5 |       0 |  115733 |   0.0 |       0 |     102 |   0.0 |  1537
       Crypt:1 |       0 |   33660 |   0.0 |       0 |      47 |   0.0 |  1361
       Crypt:2 |       0 |   26268 |   0.0 |       0 |      39 |   0.0 |  1104
       Crypt:3 |       0 |   61224 |   0.0 |       0 |      92 |   0.0 |  2111
      Depths:1 |       0 |   66916 |   0.0 |       0 |      71 |   0.0 |  2993
      Depths:2 |       0 |   64699 |   0.0 |       0 |      83 |   0.0 |  1614
      Depths:3 |       0 |   95303 |   0.0 |       0 |      73 |   0.0 |  2640
      Depths:4 |       0 |   36726 |   0.0 |       0 |      45 |   0.0 |  1602
      Depths:5 |       0 |   41515 |   0.0 |       0 |      48 |   0.0 |  2465
          Hell |       0 |   59933 |   0.0 |       0 |     100 |   0.0 |   878
         Zot:1 |       0 |   82220 |   0.0 |       0 |      54 |   0.0 |  1649
         Zot:2 |       0 |   77723 |   0.0 |       0 |      35 |   0.0 |  1428
         Zot:3 |       0 |   66419 |   0.0 |       0 |      43 |   0.0 |  1248
         Zot:4 |       0 |   66239 |   0.0 |       0 |      41 |   0.0 |  1917
         Zot:5 |      17 |  212690 |   0.0 |       1 |      59 |   1.7 |  2305
       Abyss:5 |   10263 |    7749 |  57.0 |      17 |      14 |  54.8 |   206
         IceCv |       0 |    3291 |   0.0 |       0 |      11 |   0.0 |   608
        WizLab |       0 |    2385 |   0.0 |       0 |       5 |   0.0 |    13
               +---------+---------+-------+---------+---------+-------+---------
